cohdb
Replays
Latest Replays
All Replays
Popular Replays
Top Player Replays
Match Explorer
How It Works
Community
CoH3 Stats
Reddit
Sign in to upload your games and track your stats! →
Sign in with Steam
Match 41922276
Unlisted
Match 41922276
Overview
Messages
Build Orders
End
Construct Barracks
Riflemen Squad
Riflemen Squad
Engineer Squad
Grenade Package
M1 Mortar Team
Air Support Center
Riflemen Squad
Construct Motor Pool
P-47 Strafing Run
P-47 Dive Bomb
M24 Chaffee Light Tank
P-47 Strafing Run
Grasshopper Recon Run
Construct Medical Station
M1918 Browning Automatic Rifles
P-47 Dive Bomb
M1 Mortar Team
Grasshopper Recon Run
M24 Chaffee Light Tank
P-47 Strafing Run
Grasshopper Recon Run
M24 Chaffee Light Tank
Selects Armored Battlegroup
Selects Armored Battlegroup
Selects Veteran Crews
Selects Field Repairs
Selects Fast Deploy
Selects M8 Scott SPG
Grasshopper Recon Run
P-47 Strafing Run
M8 Scott SPG
P-47 Strafing Run
M8 Scott SPG
Selects UNKNOWN (2160077)
Selects War Machine
P-47 Dive Bomb
M1 Anti-tank Gun Team
P-47 Strafing Run
Grasshopper Recon Run
.30 cal Machine Gun
M24 Chaffee Light Tank
.30 cal Machine Gun
Grasshopper Recon Run
M1 Anti-tank Gun Team
Grasshopper Recon Run
P-47 Dive Bomb
P-47 Strafing Run
Grasshopper Recon Run
Construct Tank Depot
.30 cal Machine Gun
P-47 Strafing Run
Grasshopper Recon Run
P-47 Dive Bomb
M4A3E8 Sherman Easy Eight
Grasshopper Recon Run
M4A3E8 Sherman Easy Eight
Engineer Squad
Grasshopper Recon Run
P-47 Strafing Run
P-47 Dive Bomb
M8 Scott SPG
P-47 Strafing Run
Grasshopper Recon Run
M8 Scott SPG
Grasshopper Recon Run
.30 cal Machine Gun
M4A3E8 Sherman Easy Eight
P-47 Strafing Run
Engineer Squad
Grasshopper Recon Run
M18 Hellcat Tank Destroyer
P-47 Dive Bomb
P-47 Dive Bomb
P-47 Strafing Run
M1 Anti-tank Gun Team
M8 Scott SPG
XuZhongwei
BorzoiWitcher
rpadi
MERKAVA
0
0
Comments
sign in to comment!
No comments posted yet!